 Dungeon Crawl Stone Soup version 0.28.0-53-g5a82cb258f (webtiles) character file.

Game seed: 1349053020415063407

4 Zeld the Gusty (level 1, -4/10 HPs)
             Began as a Tengu Air Elementalist on May 25, 2022.
             Slain by a gnoll
             ... wielding a +0 whip
              (6 damage)
             ... on level 1 of the Dungeon.
             The game lasted 00:01:36 (127 turns).

Zeld the Gusty (Tengu Air Elementalist)              Turns: 127, Time: 00:01:37

Health: -4/10      AC:  2    Str:  8    XL:     1   Next: 60%
Magic:  4/4        EV: 12    Int: 15    God:
Gold:   6          SH:  0    Dex: 14    Spells: 3/4 levels left

rFire   . . .      SeeInvis .   a - +2 dagger (protect)
rCold   . . .      Faith    .   (no shield)
rNeg    . . .      Spirit   .   b - +0 robe
rPois   .          Reflect  .   (helmet restricted)
rElec   .          Harm     .   (no cloak)
rCorr   .          Rampage  .   (no gloves)
Will    .....                   (boots unavailable)
Stlth   ++........              (no amulet)
HPRegen 0.03/turn               (no ring)
MPRegen 0.09/turn               (no ring)

@: no status effects
A: beak, talons 3
a: no special abilities


You were on level 1 of the Dungeon.
You visited 1 branch of the dungeon, and saw 1 of its levels.

You collected 6 gold pieces.

Inventory:

Hand Weapons
 a - a +2 dagger of protection (weapon)
Armour
 b - a +0 robe (worn)


   Skills:
 - Level 2.1 Dodging
 - Level 2.0 Stealth
 * Level 2.1 Spellcasting
 + Level 1.5 Conjurations
 * Level 4.1 Air Magic


You had 3 spell levels left.
You knew the following spells:

 Your Spells              Type           Power      Damage    Failure   Level
a - Shock                 Conj/Air       40%        1d5       7%          1

Your spell library contained the following spells:

 Spells                   Type           Power      Damage    Failure   Level
 Static Discharge         Conj/Air       10%        N/A       11%         2
 Swiftness                Air            14%        N/A       12%         3
 Airstrike                Air            7%         N/A       36%         4


Dungeon Overview and Level Annotations

Branches:
Dungeon (1/15)

Altars:


Innate Abilities, Weirdness & Mutations

You have a beak for a mouth.
You have claws for feet.


Message History

There are monsters nearby!
The bat barely misses you.
You barely miss the bat. The bat closely misses you.
Casting: Shock (safe; 7% risk of failure)
Confirm with . or Enter, or press ? or * to list all spells.
Aiming: Shock (safe; 7% risk of failure)
Press: ? - help, Shift-Dir - straight line, f - bat
Aim: a bat (52% to hit)
The zap misses the bat.
The bat barely misses you. The frilled lizard bites you.
Unknown command.
Casting: Shock (safe; 7% risk of failure)
Confirm with . or Enter, or press ? or * to list all spells.
Aiming: Shock (safe; 7% risk of failure)
Press: ? - help, Shift-Dir - straight line, p - bat
Okay, then.
The bat closely misses you.
You hit the bat.
Your weapon exudes an aura of protection.
The bat is moderately wounded.
The bat hits you but does no damage. The gnoll barely misses you.
The frilled lizard closely misses you.
You hit the bat. Your kick misses the bat. Your peck misses the bat.
The bat is severely wounded.
The bat closely misses you. The gnoll hits you with a +0 whip.
The frilled lizard bites you but does no damage.
The bat hits you but does no damage. The gnoll hits you with a +0 whip.
* * * LOW HITPOINT WARNING * * *
The bat barely misses you. The bat closely misses you.
The bat hits you but does no damage. The bat hits you but does no damage.
You closely miss the bat.
The bat is moderately wounded.
The bat hits you but does no damage. The bat hits you.
* * * LOW HITPOINT WARNING * * *
The bat closely misses you. The bat misses you.
The gnoll hits you with a +0 whip.
Ouch! That really hurt!
You die...

#.### .. ##.# ...
##..###.# #.##
##.......#
#.#...###...######
#..........##
...#.#.#..# ##.
#.....##
...###..@##
#.##.####.g.#
#.......#b#.###
#.........l...#
#.......###.#.#
#.......#
#...#######
##......#
##.........
#......#
######.###
#......#


You could see a gnoll and a bat.

Vanquished Creatures
  A ball python (D:1)
  A hobgoblin (D:1)
  A kobold (D:1)
3 creatures vanquished.

Notes
Turn   | Place    | Note
-------+----------+-------------------------------------------
     0 | D:1      | Zeld the Tengu Air Elementalist began the quest for the
                  | Orb.
     0 | D:1      | Reached XP level 1. HP: 10/10 MP: 4/4
   127 | D:1      | Slain by a gnoll

Illustrated notes

Levels and vault maps discovered:
D:1:      dpeg_arrival_tiny_a, layout_rooms,
          hellmonk_ecumenical_altar_inner_sanctum

Action                   || total
-------------------------++-------
Melee: Unarmed           ||     5
       Dagger            ||     4
       Kick              ||     1
       Peck              ||     1
 Cast: Shock             ||     8
Armor: Robe              ||     9
Dodge: Dodged            ||    15
